 Dungeon Crawl Stone Soup version 0.23.2-1-ga50397a6bc (webtiles) character file.

Game seed: 8282632649412160306

928 2BsUSBport the Poker (level 8, -2/74 HPs)
             Began as a Naga Berserker on May 20, 2019.
             Was a Believer of Trog.
             Slain by a wyvern zombie (3 damage)
             ... on level 6 of the Dungeon on May 22, 2019.
             The game lasted 00:22:54 (4830 turns).

2BsUSBport the Poker (Naga Berserker)               Turns: 4830, Time: 00:22:54

Health: -2/74      AC: 10    Str: 21    XL:     8   Next: 11%
Magic:  0/8        EV:  9    Int:  8    God:    Trog [**....]
Gold:   186        SH:  0    Dex: 11    Spells: 7/7 levels left

rFire    . . .     SeeInvis +   a - +1 spear
rCold    . . .     Gourm    .   (no shield)
rNeg     . . .     Faith    .   b - +1 animal skin
rPois    +         Spirit   +   (no helmet)
rElec    .         Reflect  .   (no cloak)
rCorr    .         Harm     .   (no gloves)
MR       +....                  h - +1 naga barding
Stlth    ++........             l - amulet of guardian spirit
HPRegen  0.22/turn              k - ring of poison resistance
MPRegen  0.11/turn              (no ring)

@: about to teleport, berserk cooldown, slowed, very slow
A: large, see invisible, deformed body, poison resistance, slowness 2, slow
metabolism 1, spit poison 1, AC +2
a: Spit Poison, Berserk, Trog's Hand, Renounce Religion


You were on level 6 of the Dungeon.
You worshipped Trog.
Trog was pleased with you.
You were not hungry.

You visited 1 branch of the dungeon, and saw 6 of its levels.

You collected 186 gold pieces.

Inventory:

Hand Weapons
 a - a +1 spear (weapon)
Armour
 b - a +1 animal skin (worn)
 h - a +1 naga barding (worn)
Jewellery
 k - a ring of poison resistance (left hand)
 l - an amulet of guardian spirit (around neck)
Wands
 n - a wand of paralysis (7)
Scrolls
 d - 4 scrolls of teleportation
 f - 2 scrolls of fog
 i - 4 scrolls of remove curse
 q - a scroll of identify
Potions
 e - 2 potions of lignification
 j - 2 potions of flight
 m - a potion of cancellation
 o - a potion of invisibility
Comestibles
 c - 4 rations


   Skills:
 + Level 5.0 Fighting
 + Level 7.5 Polearms
 + Level 1.8 Armour
 + Level 3.4 Dodging
 - Level 1.5 Stealth


You had 7 spell levels left.
You didn't know any spells.
Your spell library contained the following spells:

 Spells                   Type           Power        Failure   Level  Hunger
 Confusing Touch          Hex            #.....       41%         1    ##.....
 Confuse                  Hex            #.......     78%         3    ####...
 Gell's Gravitas          Tloc           #.........   78%         3    ####...
 Petrify                  Tmut/Erth      #.......     99%         4    #####..
 Metabolic Englaciation   Hex/Ice        #.........   100%        5    ######.
 Yara's Violent Unravell  Hex/Tmut       #.........   100%        5    ######.


Dungeon Overview and Level Annotations

Branches:
Dungeon (6/15)
 Temple: D:4-7

Altars:
Kikubaaqudgha
Okawaru


Innate Abilities, Weirdness & Mutations

You cannot wear boots.
Your serpentine skin is tough. (AC +2)
You have supernaturally acute eyesight. (SInv)
Armour fits poorly on your strangely shaped body.
Your system is resistant to poisons. (rPois)
You cover ground very slowly.
You have a slow metabolism.
You can spit poison.


Message History

The jackal skeleton bites you but does no damage.
The wyvern zombie bites you!
* * * LOW HITPOINT WARNING * * *
The jackal skeleton bites you but does no damage.
The wyvern zombie closely misses you.
It was a potion of curing.
You feel better. The jackal skeleton barely misses you.
The wyvern zombie bites you.
* * * LOW HITPOINT WARNING * * *
The jackal skeleton bites you but does no damage.
Okay, then.
As you read the scroll of teleportation, it crumbles to dust.
You feel strangely unstable. The wyvern zombie bites you!
* * * LOW HITPOINT WARNING * * *
The jackal skeleton bites you but does no damage.
The wyvern zombie bites you.
* * * LOW HITPOINT WARNING * * *
You hit the wyvern zombie but do no damage.
The wyvern zombie is almost destroyed.
The wyvern zombie bites you.
You die...

##.......
#........
.......$.
.........
##........
.........
#)Z......
#@Z......
#..)......
#........#
#....#.###
##.... #
##!### ##


You could see a wyvern zombie and a jackal skeleton.

Vanquished Creatures
  An orc warrior (D:6)
  2 sky beasts (D:5)
  2 centaurs (D:5)
  A bullfrog (D:6)
  A crimson imp (D:4)
  A bullfrog skeleton (D:5)
  2 orc wizards (D:6)
  Terence (D:2)
  An iguana (D:4)
  2 worker ants
  A killer bee zombie (D:6)
  A hound zombie (D:6)
  9 adders
  3 worms (D:3)
  2 dart slugs (D:1)
  3 leopard geckos
  4 orcs
  2 giant cockroaches
  6 hobgoblins
  6 jackals
  2 kobolds
  4 quokkas
  3 ball pythons
  12 bats
  3 frilled lizards
  9 goblins
  3 rats
87 creatures vanquished.

Notes
Turn   | Place    | Note
-------+----------+-------------------------------------------
     0 | D:1      | 2BsUSBport the Naga Berserker began the quest for the Orb.
     0 | D:1      | Reached XP level 1. HP: 21/21 MP: 1/1
   159 | D:1      | Reached XP level 2. HP: 22/28 MP: 2/2
  1028 | D:2      | Noticed Terence
  1040 | D:2      | Reached skill level 1 in Stealth
  1040 | D:2      | Reached XP level 3. HP: 26/34 MP: 3/3
  1052 | D:2      | Killed Terence
  1052 | D:2      | Reached XP level 4. HP: 15/42 MP: 4/4
  1531 | D:2      | Reached ** piety under Trog
  1531 | D:2      | Reached skill level 4 in Polearms
  1972 | D:2      | Reached XP level 5. HP: 45/50 MP: 3/5
  3399 | D:4      | Reached skill level 5 in Polearms
  3466 | D:4      | Reached XP level 6. HP: 57/57 MP: 6/6
  3608 | D:5      | Entered Level 5 of the Dungeon
  3828 | D:5      | Found an ancient bone altar of Kikubaaqudgha.
  4040 | D:5      | Noticed a sky beast
  4046 | D:5      | Killed a sky beast
  4046 | D:5      | Reached skill level 6 in Polearms
  4046 | D:5      | Reached XP level 7. HP: 66/66 MP: 7/7
  4715 | D:5      | Found an iron altar of Okawaru.
  4790 | D:6      | Reached skill level 7 in Polearms
  4801 | D:6      | Reached XP level 8. HP: 73/73 MP: 5/8
  4811 | D:6      | Reached skill level 5 in Fighting
  4829 | D:6      | HP: 1/74 [wyvern zombie (3)]
  4830 | D:6      | Slain by a wyvern zombie

Skill      XL: |  1  2  3  4  5  6  7  8 |
---------------+-------------------------+-----
Stealth        | 1 |  1.5
Dodging        | 2 3 |  3.4
Polearms       | 4 5 6 7 |  7.5
Fighting       | 4 5 |  5.0
Armour         | |  1.8

Action                   |  1- 3 |  4- 6 |  7- 9 || total
-------------------------+-------+-------+-------++-------
Melee: Spear             |    66 |   255 |    80 ||   401
Invok: Berserk           |     1 |     3 |     2 ||     6
 Abil: Spit Poison       |       |     7 |     1 ||     8
  Use: Scroll            |     6 |     9 |     4 ||    19
       Potion            |       |     4 |     2 ||     6
 Stab: Sleeping          |     1 |     8 |       ||     9
  Eat: Ration            |       |     3 |     2 ||     5
Armor: Animal skin       |     6 |    80 |    42 ||   128
Dodge: Dodged            |    23 |    82 |    46 ||   151
